 Dungeon Crawl Stone Soup version 0.28.0 (webtiles) character file.

Game seed: 16372315073469431868

6 Dani the Magician (level 1, -2/11 HPs)
             Began as a Deep Elf Transmuter on Feb 7, 2022.
             Slain by a quokka (3 damage)
             ... on level 1 of the Dungeon.
             The game lasted 00:00:34 (552 turns).

Dani the Magician (Deep Elf Transmuter)              Turns: 552, Time: 00:00:35

Health: -2/11      AC:  2    Str:  7    XL:     1   Next: 75%
Magic:  6/6        EV: 12    Int: 17    God:
Gold:   8          SH:  0    Dex: 15    Spells: 5/6 levels left

rFire   . . .      SeeInvis .   c - +0 spear
rCold   . . .      Faith    .   (no shield)
rNeg    . . .      Spirit   .   a - +0 robe
rPois   .          Reflect  .   (no helmet)
rElec   .          Harm     .   (no cloak)
rCorr   .          Rampage  .   (no gloves)
Will    .....                   (no boots)
Stlth   +.........              (no amulet)
HPRegen 0.03/turn               (no ring)
MPRegen 0.10/turn               (no ring)

@: no status effects
A: no striking features
a: no special abilities


You were on level 1 of the Dungeon.
You visited 1 branch of the dungeon, and saw 1 of its levels.

You collected 8 gold pieces.

Inventory:

Hand Weapons
 c - a +0 spear (weapon)
   (You found it on level 1 of the Dungeon)
Armour
 a - a +0 robe (worn)
Scrolls
 d - a scroll of enchant weapon {unknown}
 e - a scroll of identify {unknown}
Potions
 b - a potion of flight {unknown}


   Skills:
 - Level 0.7 Fighting
 + Level 0.4 Polearms
 - Level 2.4 Dodging
 - Level 2.4 Unarmed Combat
 + Level 3.3 Spellcasting
 - Level 2.2 Transmutations


You had 5 spell levels left.
You knew the following spells:

 Your Spells              Type           Power      Damage    Failure   Level
a - Beastly Appendage     Tmut           20%        N/A       7%          1

Your spell library contained the following spells:

 Spells                   Type           Power      Damage    Failure   Level
 Wereblood                Tmut           10%        N/A       11%         2
 Spider Form              Tmut/Pois      6%         N/A       32%         3
 Ice Form                 Ice/Tmut       6%         N/A       71%         4


Dungeon Overview and Level Annotations

Branches:
Dungeon (1/15)

Altars:


Message History

You are too injured to fight recklessly!
You are too injured to fight recklessly!
You are too injured to fight recklessly!
You are too injured to fight recklessly!
You are too injured to fight recklessly!
You closely miss the kobold.
The kobold is moderately wounded.
The kobold hits you but does no damage.
You hit the kobold.
You kill the kobold!
Found a scroll labelled EPPOTZOTEUFU.
You see here a +0 dagger.
Key pressed, stopping explore.
Key pressed, stopping explore.
HP restored.
Key pressed, stopping explore.
e - a scroll labelled EPPOTZOTEUFU A quokka comes into view.
Found 8 gold pieces.
A quokka is nearby!
A quokka is nearby!
A hobgoblin comes into view.
The hobgoblin shouts!
You closely miss the quokka.
The quokka bites you but does no damage.
A ball python comes into view.
The quokka bites you but does no damage.
You closely miss the quokka.
The ball python hisses angrily.
The quokka bites you.
You barely miss the quokka. Your punch misses the quokka.
The quokka misses you.
You hit the quokka.
The quokka is almost dead.
The quokka misses you. The quokka bites you.
* * * LOW HITPOINT WARNING * * *
The hobgoblin barely misses you.
You hit the quokka.
You kill the quokka!
The hobgoblin barely misses you.
You barely miss the hobgoblin.
The hobgoblin hits you but does no damage.
You hit the hobgoblin.
The hobgoblin is almost dead.
The hobgoblin hits you.
* * * LOW HITPOINT WARNING * * *
You are too injured to fight recklessly!
You are too injured to fight recklessly!
You are too injured to fight recklessly!
You are too injured to fight recklessly!
You are too injured to fight recklessly!
Reach: c) +0 spear
Press: ? - help, Dir - move target, f - hobgoblin
Aim: a hobgoblin (almost dead, about 40% to evade your +0 spear)
You hit the hobgoblin but do no damage.
The hobgoblin is almost dead.
The hobgoblin barely misses you.
You are too injured to fight recklessly!
You are too injured to fight recklessly!
You barely miss the hobgoblin.
The hobgoblin is almost dead.
The hobgoblin hits you but does no damage.
You hit the hobgoblin but do no damage.
The hobgoblin is almost dead.
The hobgoblin barely misses you.
You hit the hobgoblin.
You kill the hobgoblin!
You hit the ball python.
You kill the ball python!
You see here a ball python corpse.
Key pressed, stopping explore.
Key pressed, stopping explore.
You now have 8 gold pieces.
Key pressed, stopping explore.
A giant cockroach and a quokka come into view.
There are monsters nearby!
There are monsters nearby!
There are monsters nearby!
You hit the giant cockroach.
The giant cockroach is severely wounded.
The giant cockroach closely misses you.
You hit the giant cockroach.
You kill the giant cockroach!
You reach to attack!
You miss the quokka. The quokka bites you.
You closely miss the quokka. The quokka closely misses you.
You barely miss the quokka. The quokka closely misses you.
You barely miss the quokka. The quokka misses you.
You miss the quokka. The quokka misses you. The quokka closely misses you.
You completely miss the quokka. The quokka bites you.
* * * LOW HITPOINT WARNING * * *
You hit the quokka. Your punch misses the quokka.
The quokka is heavily wounded.
The quokka bites you.
* * * LOW HITPOINT WARNING * * *
You hit the quokka.
The quokka is severely wounded.
The quokka bites you.
* * * LOW HITPOINT WARNING * * *
The quokka bites you.
You die...

#### # #..# .# .
#..###.# ..
#......#...
###.#.......
##########....?..#
###..รท.......#.#@r##
....##....####.#.##
######....# #.#.. #
#....# .$#.#. #....#
.##.#.. #....# #. #.#
.# .....# .. ..# .#
##..... .## # #.....#


You could see a quokka.

Vanquished Creatures
  A ball python (D:1)
  A giant cockroach (D:1)
  A hobgoblin (D:1)
  A quokka (D:1)
  A kobold (D:1)
5 creatures vanquished.

Notes
Turn   | Place    | Note
-------+----------+-------------------------------------------
     0 | D:1      | Dani the Deep Elf Transmuter began the quest for the Orb.
     0 | D:1      | Reached XP level 1. HP: 11/11 MP: 6/6
   552 | D:1      | HP: 1/11 [quokka (4)]
   552 | D:1      | Slain by a quokka

Illustrated notes

Levels and vault maps discovered:
D:1:      nicolae_arrival_washed_ashore, layout_rooms, grunt_decor_mini_mirrors,
          st_stairs_1

Action                   || total
-------------------------++-------
Melee: Spear             ||    33
Armor: Robe              ||     5
Dodge: Dodged            ||    18

Table legend: (Time is in decaauts)
 A = Elapsed time spent in this place.
 B = Non-inter-level travel time spent in this place.
 C = Inter-level travel time spent in this place.
 D = Time resting spent in this place.
 E = Time spent auto-exploring this place.
 F = Levels seen in this place.
 G = Mean time per level.
                   A        B        C        D        E       F      G
               +--------+--------+--------+--------+--------+-----+--------+
         Total |    554 |    554 |      0 |      0 |    492 |   1 |  554.0 |
       Dungeon |    554 |    554 |      0 |      0 |    492 |   1 |  554.0 |
               +--------+--------+--------+--------+--------+-----+--------+

Top non-repeatable levels by time:
     D:1: 554 daAuts

Table legend:
 A = Kills in this place as a percentage of kills in entire the game.
 B = Kills by you in this place as a percentage of kills by you in the entire game.
 C = Kills by friends in this place as a percentage of kills by friends in the entire game.
 D = Other kills in this place as a percentage of other kills in the entire game.
 E = Experience gained in this place as a percentage of experience gained in the entire game.
 F = Experience gained in this place divided by the number of levels of this place that you have seen.
                   A       B       C       D       E      F
               +-------+-------+-------+-------+-------+----------------------
         Total | 100.0 | 100.0 |   N/A |   N/A | 100.0 |   9.0
       Dungeon | 100.0 | 100.0 |   N/A |   N/A | 100.0 |   9.0
               +-------+-------+-------+-------+-------+----------------------
